 Dungeon Crawl Stone Soup version 0.22.1-2-g9c5b331383 (webtiles) character file.

1999 NonStable the Shield-Bearer (level 9, -4/54 HPs)
             Began as a Gargoyle Fighter on Dec 1, 2018.
             Slain by a sun demon (10 damage)
             ... summoned by a kobold demonologist
             ... on level 6 of the Dungeon.
             The game lasted 00:15:42 (4982 turns).

NonStable the Shield-Bearer (Gargoyle Fighter)      Turns: 4982, Time: 00:15:43

Health: -4/54      AC: 16    Str: 22    XL:     9   Next: 21%
Magic:  9/9        EV:  6    Int: 10    God:
Gold:   300        SH: 14    Dex:  9    Spells: 8/8 levels left

rFire    . . .     SeeInvis .   w - +0 flail (crush)
rCold    . . .     Gourm    .   c - +0 shield
rNeg     + + .     Faith    .   i - +0 chain mail
rPois    ∞         Spirit   .   (no helmet)
rElec    +         Reflect  +   (no cloak)
rCorr    .         Harm     .   (no gloves)
MR       .....                  (no boots)
Stlth    ..........             l - +3 amulet of reflection
HPRegen  0.18/turn              o - ring of positive energy
MPRegen  0.11/turn              (no ring)

@: no status effects
A: negative energy resistance 1, electricity resistance, unbreathing,
petrification resistance, rot immunity, AC +6
a: no special abilities


You were on level 6 of the Dungeon.
You were not hungry.

You visited 1 branch of the dungeon, and saw 6 of its levels.

You collected 300 gold pieces.

Inventory:

Hand Weapons
 s - the +7 hunting sling of the Madman {flame, *Corrode +Blink rF+ rN+}
   (You took it off an orc on level 4 of the Dungeon)

   It causes projectiles fired from it to burn those they strike, causing extra
   injury to most foes and up to half again as much damage against particularly
   susceptible opponents.
   It protects you from fire.
   It protects you from negative energy.
   It lets you blink.
   It may corrode you when you take damage.
 w - a +0 flail of crushing (weapon)
Missiles
 n - 6 poisoned javelins (quivered)
 t - 164 stones
 u - 13 sling bullets
Armour
 c - a +0 shield (worn)
 i - a +0 chain mail (worn)
Jewellery
 l - a +3 amulet of reflection (around neck)
 o - a ring of positive energy (left hand)
Wands
 p - a wand of random effects (20)
 v - a wand of disintegration (14)
 y - a wand of flame (20)
Scrolls
 h - 7 scrolls of remove curse
 j - a scroll of noise {unknown}
 k - a scroll of identify
 m - 2 scrolls of fog
 q - 4 scrolls of amnesia
 r - 2 scrolls of teleportation
 x - a scroll of enchant weapon {unknown}
 C - a scroll of magic mapping
Potions
 a - a potion of agility {unknown}
 b - 2 potions of degeneration {unknown}
 d - a potion of curing
 e - 4 potions of mutation {unknown}
 g - 2 potions of magic {unknown}
 z - a potion of brilliance {unknown}
 A - 2 potions of heal wounds
 B - 2 potions of haste
Comestibles
 f - 16 rations


   Skills:
 + Level 5.5 Fighting
 + Level 7.2 Maces & Flails
 + Level 2.4(2.5) Slings
 + Level 0.3(1.5) Throwing
 + Level 6.0 Armour
 + Level 7.9 Shields


You had 8 spell levels left.
You didn't know any spells.
Your spell library was empty.

Dungeon Overview and Level Annotations

Branches:
Dungeon (6/15)
 Temple: D:4-7

Altars:
Cheibriados
Gozag
Makhleb
Uskayaw
Vehumet
Xom
Zin


Innate Abilities, Weirdness & Mutations

You are resistant to torment.
Your stone body is resilient. (AC +6)
You are immune to poison.
You resist negative energy. (rN+)
You are resistant to electric shocks. (rElec)
You can survive without breathing.
You are immune to petrification.
You are immune to rotting.


Message History

The kobold demonologist looks satisfied for a moment.
You hit the shadow imp.
The shadow imp is severely wounded.
You closely miss the sun demon. You block the crimson imp's attack.
You barely miss the sun demon. You block the sun demon's attack.
You block the crimson imp's attack. The sun demon hits you!!
You are engulfed in flames!
The shadow imp shouts, "Return whence thou came, thou warped sow-suckled You are too injured to fight recklessly!
You are too injured to fight recklessly!
You are too injured to fight recklessly!
Unknown command.
You block the crimson imp's attack.
The kobold demonologist casts a spell.
The crimson imp blinks!
You hear a shout!
You block the crimson imp's attack. The sun demon hits you!
* * * LOW HITPOINT WARNING * * *
You are engulfed in flames!
You die...

########.######.##.......#
#...............##.#######
#.####.....####.#.#(##
#.#..##...##..#..###)###
#.#...##.##...#.## ##).#
#.##...#.#...##.>###.#.#
###..##.'#.#).##..#.#.##.#
#.....###)..###......##.#.###
#.........83@5.....)...###...
##.#...###5..###....####.#.###
#..#..##K5#§#†.##...# #.# #
#..#.##5..#.#...##.<# .# #
#..#.#...##.##...#.. .###
#....#[.# ...##..#.. ##..
#.##.### ... ####.#.######.8.
#..#... ..... .. #.....#...
##.##### #..## .#.####.....


You could see a sun demon, a kobold demonologist, an iron imp, a crimson imp and
2 shadow imps.

Vanquished Creatures
  A yak (D:4)
  A phantom (D:4)
  5 ogres
  3 centaurs
  A bullfrog (D:6)
  A water moccasin skeleton (D:6)
  5 wights (D:6)
  2 crimson imps (D:6)
  4 hounds
  A bullfrog skeleton (D:6)
  6 orc wizards
  A jelly (D:5)
  Ijyb (D:3)
  An iguana (D:6)
  5 worker ants
  A hound zombie (D:6)
  2 hound skeletons
  3 adders (D:4)
  An ooze (D:4)
  2 adder skeletons (D:4)
  5 worms
  A dart slug (D:3)
  6 leopard geckos
  18 orcs
  7 bats
  4 giant cockroaches
  11 goblins
  5 hobgoblins
  10 jackals
  3 kobolds
  3 quokkas
  3 ball pythons
  A ball python skeleton (D:6)
  4 frilled lizards
  A leopard gecko zombie (D:6)
  A quokka skeleton (D:6)
  9 rats
139 creatures vanquished.

Vanquished Creatures (others)
  A goblin (D:3)
1 creature vanquished.

Grand Total: 140 creatures vanquished

Notes
Turn   | Place    | Note
-------+----------+-------------------------------------------
     0 | D:1      | NonStable the Gargoyle Fighter began the quest for the Orb.
     0 | D:1      | Reached XP level 1. HP: 14/14 MP: 1/1
   284 | D:1      | Reached XP level 2. HP: 15/19 MP: 2/2
  1066 | D:2      | Reached XP level 3. HP: 20/23 MP: 3/3
  1387 | D:3      | Reached XP level 4. HP: 22/29 MP: 4/4
  1699 | D:3      | Found a hide-covered altar of Uskayaw.
  1705 | D:3      | Found a radiant altar of Vehumet.
  1708 | D:3      | Found a shimmering altar of Xom.
  1963 | D:3      | Noticed Ijyb
  1982 | D:3      | Killed Ijyb
  1982 | D:3      | Reached XP level 5. HP: 30/33 MP: 5/5
  2082 | D:4      | Found a snail-covered altar of Cheibriados.
  2082 | D:4      | Found a burning altar of Makhleb.
  2106 | D:4      | Noticed an ogre
  2146 | D:4      | Killed an ogre
  2146 | D:4      | Reached skill level 5 in Shields
  2146 | D:4      | Reached XP level 6. HP: 17/38 MP: 6/6
  2258 | D:4      | Noticed a phantom
  2454 | D:4      | Killed a phantom
  2916 | D:4      | Reached XP level 7. HP: 31/44 MP: 7/7
  2919 | D:4      | Got an uncursed pitted hunting sling {flame}
  2920 | D:4      | Identified the +7 hunting sling of the Madman {flame,
                  | *Corrode +Blink rF+ rN+} (You took it off an orc on level 4
                  | of the Dungeon)
  2981 | D:4      | Noticed a yak
  3009 | D:4      | Killed a yak
  3009 | D:4      | Reached skill level 5 in Maces & Flails
  3352 | D:5      | Entered Level 5 of the Dungeon
  3388 | D:5      | Reached XP level 8. HP: 39/48 MP: 8/8
  3510 | D:5      | Reached skill level 5 in Armour
  3894 | D:5      | Found Betuar's Magic Scroll Emporium.
  4141 | D:5      | Found a glowing silver altar of Zin.
  4253 | D:6      | Reached skill level 5 in Fighting
  4300 | D:6      | Found an opulent altar of Gozag.
  4360 | D:6      | Reached skill level 1 in Slings
  4788 | D:6      | Reached XP level 9. HP: 46/54 MP: 9/9
  4948 | D:6      | Noticed a kobold demonologist
  4956 | D:6      | Noticed a smoke demon
  4975 | D:6      | Noticed a sun demon
  4982 | D:6      | Slain by a sun demon

Skill      XL: |  1  2  3  4  5  6  7  8  9 |
---------------+----------------------------+-----
Armour         | 4 5 6 |  6.0
Shields        | 4 5 6 7 |  7.9
Maces & Flails | 3 4 5 6 7 |  7.2
Fighting       | 4 5 |  5.5
Slings         | 2 |  2.4
Throwing       | |  0.3

Action                   |  1- 3 |  4- 6 |  7- 9 || total
-------------------------+-------+-------+-------++-------
Melee: Flail             |   156 |   250 |   329 ||   735
 Fire: Hunting sling     |       |       |    18 ||    18
Throw: Javelin           |       |     5 |       ||     5
  Use: Scroll            |     7 |     4 |     2 ||    13
       Potion            |     3 |       |       ||     3
  Eat: Chunk             |     2 |     5 |     4 ||    11
       Ration            |       |       |     1 ||     1
Armor: Scale mail        |    93 |    16 |       ||   109
       Chain mail        |       |   112 |   152 ||   264
Dodge: Dodged            |    50 |    39 |    58 ||   147
Block: Shield            |   139 |   204 |   208 ||   551
       Reflection        |     1 |    11 |     4 ||    16
